 Dungeon Crawl Stone Soup version 0.32-a0-468-g38b2580584 (webtiles) character file.

Game seed: 17619450587686592784

65 anacleto the Digger (level 3, -19/19 HPs)
             Began as a Deep Elf Earth Elementalist on Feb 25, 2024.
             Killed by an exploding goblin (30 damage)
             ... ignited by their inner flame
             ... on level 2 of the Dungeon.
             The game lasted 00:04:42 (1729 turns).

anacleto the Digger (Deep Elf Earth Elementalist)   Turns: 1729, Time: 00:04:43

Health: -19/19     AC:  2    Str:  5    XL:     3   Next: 92%
Magic:  8/10       EV: 13    Int: 21    God:
Gold:   50         SH:  0    Dex: 15    Spells: 5/9 levels left

rFire   . . .        e - +4 short sword
rCold   . . .        (no shield)
rNeg    . . .        a - +0 robe
rPois   .            (no helmet)
rElec   .            (no cloak)
rCorr   .            (no gloves)
SInv    .            (no boots)
Will    .....        (no amulet)
Stlth   ++           (no ring)
HPRegen 0.23/turn    (no ring)
MPRegen 0.12/turn

%: no passive effects
@: no status effects
A: no striking features
a: no special abilities


You were on level 2 of the Dungeon.
You visited 1 branch of the dungeon, and saw 2 of its levels.

You collected 50 gold pieces.

Inventory:

Hand Weapons
 e - a +4 short sword (weapon)
Armour
 a - a +0 robe (worn)
Jewellery
 h - a ring of protection from fire
Scrolls
 d - a scroll of noise
Potions
 b - a potion of magic
 c - a potion of heal wounds {unknown}
 f - a potion of curing {unknown}
 g - 2 potions of lignification {unknown}
 j - a potion of haste {unknown}
 k - a potion of degeneration {unknown}


   Skills:
 + Level 3.0 Dodging
 + Level 3.2 Stealth
 + Level 3.5 Spellcasting
 * Level 2.2 Conjurations
 * Level 3.9 Earth Magic


You had 5 spell levels left.
You knew the following spells:

 Your Spells              Type           Power      Damage    Failure   Level
a - Sandblast             Erth           40%        2d10      2%          1
b - Stone Arrow           Conj/Erth      32%        3d9       11%         3

Your spell library contained the following spells:

 Spells                   Type           Power      Damage    Failure   Level
 Passwall                 Erth           20%        N/A       8%          3
 Brom's Barrelling Bould  Conj/Erth      16%        2d4       34%         4
 Petrify                  Alch/Erth      12%        N/A       50%         4


Dungeon Overview and Level Annotations

Branches:
Dungeon (2/15)

Altars:

Shops:
D:2 :

Annotations:
D:2 Robin


Message History

A jackal is nearby!
Your magical contamination has completely faded away.
You see here a jackal corpse.
Aiming: Sandblast (safe; 2% risk of failure)
Press: ? - help, Q - select action Shift-Dir - straight line, f - you That would be overly suicidal.
Okay, then.
The jackal barks!
You hit the jackal.
You kill the jackal!
Aiming: Sandblast (safe; 2% risk of failure)
Press: ? - help, Q - select action Shift-Dir - straight line, f - you That would be overly suicidal.
Okay, then.
Unknown command.
A goblin is nearby!
The goblin shouts!
Robin shouts!
The goblin shouts!
You hear a shout! x3
Robin roars a battlecry!
The goblins go into a battle-frenzy!
As you read the scroll of revelation, it crumbles to dust.
You feel aware of your surroundings.
As you read the scroll of immolation, it crumbles to dust.
The creatures around you are filled with an inner flame!
The goblin hits you with a +0 club.
A goblin comes into view. It is wielding a +0 club.
Unknown command.
You barely miss the goblin. The goblin hits you with a +0 club.
Robin throws the goblin at you! The goblin hits you but does no damage.
The goblin attacks as it pursues you! The goblin closely misses you.
The goblin attacks as it pursues you! The goblin misses you.
Casting: Sandblast (safe; 2% risk of failure)
Confirm with . or Enter, or press ? or * to list all spells.
Aiming: Sandblast (safe; 2% risk of failure)
Press: ? - help, Shift-Dir - straight line, f - goblin
Aim: a goblin, wielding a +0 club (inner flame, strong, 79% to hit)
The blast of sand hits the goblin!
The goblin explodes!
The fiery explosion engulfs you!!
Ouch! That really hurt!
You die...

#.# #.# #.#.....# #.# #.#
#.#.....# #.# #.# #.####'## #)#
#.# #.# #.#
#.############.####+####.#####
#...........>................##
###+#....#######.......#........#
.......................#........#
.......)††....§§@......#........#
......†..#####§§##'#####........#
.........#####§§##.#####........#
.........#####.g..g.####........#
.........#####..##g.####........#
.....##+##......##.g#############
.....##.##.####....<....###
###+###.##.####..g..g.....# *,*
#....))....(........#


You could see a goblin (inner flame, strong).

Vanquished Creatures
  An adder (D:2)
  A dart slug (D:1)
  5 bats
  7 endoplasms
  8 goblins
  5 hobgoblins (D:1)
  4 jackals (D:2)
  A quokka (D:2)
  6 ball pythons
  A ball python skeleton (D:2)
  4 frilled lizards (D:1)
  3 kobolds
  3 rats (D:1)
49 creatures vanquished.

Notes
Turn   | Place    | Note
-------+----------+-------------------------------------------
     0 | D:1      | anacleto the Deep Elf Earth Elementalist began the quest
                  | for the Orb.
     0 | D:1      | Reached XP level 1. HP: 10/10 MP: 6/6
   160 | D:1      | Reached XP level 2. HP: 15/15 MP: 5/8
   828 | D:1      | Reached XP level 3. HP: 19/19 MP: 7/9
   848 | D:1      | Learned a level 3 spell: Stone Arrow
  1407 | D:2      | Found Ynetain's Book Emporium.
  1445 | D:2      | Noticed Robin
  1729 | D:2      | Killed by an exploding goblin... ignited by their inner
                  | flame

Illustrated notes

Levels and vault maps discovered:
D:1:      lightli_molten_gateway, layout_loops_corners
D:2:      layout_basic, serial_shops, shop, serial_undead, serial_undead_a,
          serial_undead_d, serial_undead_c, serial_undead_b, uniq_robin,
          uniq_crazy_yiuf_cottage

Skill      XL: |  1  2  3 |
---------------+----------+-----
Conjurations   | 2 |  2.2
Stealth        | 3 |  3.2
Dodging        | 3 |  3.0
Spellcasting   | |  3.5
Earth Magic    | |  3.9

Action                     || total
---------------------------++-------
  Melee: Short sword       ||     5
   Cast: Sandblast         ||    59
    Use: Scroll            ||     5
 Armour: Robe              ||    19
  Dodge: Dodged            ||    17

Table legend: (Time is in decaauts)
 A = Elapsed time spent in this place.
 B = Non-inter-level travel time spent in this place.
 C = Inter-level travel time spent in this place.
 D = Time resting spent in this place.
 E = Time spent auto-exploring this place.
 F = Levels seen in this place.
 G = Mean time per level.
                   A        B        C        D        E       F      G
               +--------+--------+--------+--------+--------+-----+--------+
         Total |   1758 |   1743 |     15 |    151 |   1235 |   2 |  879.0 |
       Dungeon |   1758 |   1743 |     15 |    151 |   1235 |   2 |  879.0 |
               +--------+--------+--------+--------+--------+-----+--------+

Top non-repeatable levels by time:
     D:1: 1422 daAuts
     D:2: 336 daAuts
